 Dungeon Crawl Stone Soup version 0.32-a0-768-g0f6f1dd4b9 (webtiles) character file.

Game seed: 1240668796977169973

27144 lunkers the Severer (level 13, -26/101 HPs)
             Began as a Coglin Berserker on Mar 18, 2024.
             Was a High Priest of Trog.
             Killed by the raging water
             ... invoked by a water nymph
              (32 damage)
             ... on level 3 of the Lair of Beasts.
             The game lasted 00:17:37 (13148 turns).

lunkers the Severer (Coglin Berserker)             Turns: 13148, Time: 00:17:37

Health: -26/101    AC: 19    Str: 21    XL:     13   Next: 30%
Magic:  4/4        EV: 14    Int:  7    God:    Trog [*****.]
Gold:   897        SH:  0    Dex: 15    Spells: 12/12 levels left

rFire   . . .        b - +2 broad axe (heavy) {Surin}
rCold   . . .        f - +2 broad axe (antimagic) {Teghnoor}
rNeg    . . .        d - +0 ring mail
rPois   .            r - +2 helmet
rElec   .            E - +1 cloak
rCorr   .            v - +2 pair of gloves
SInv    .            o - +2 pair of boots
Will    ++...        (amulet unavailable)
Stlth   +            (ring unavailable)
HPRegen 1.36/turn    (ring unavailable)
MPRegen 0.09/turn    (no gizmo)

%: no passive effects
@: strong-willed, on berserk cooldown, regenerating, slowed, revving, very slow
A: off-hand wielding, slow wielding, warmup strikes, no jewellery
a: Invent Gizmo, Renounce Religion, Berserk, Trog's Hand, Brothers in Arms


You were on level 3 of the Lair of Beasts.
You worshipped Trog.
Trog was extremely pleased with you.
You visited 2 branches of the dungeon, and saw 14 of its levels.

You collected 897 gold pieces.

Inventory:

Hand Weapons
 b - a +2 heavy broad axe (weapon) {Surin}
 f - a +2 antimagic broad axe (offhand) {Teghnoor}
Missiles
 l - 8 curare-tipped darts
 w - 3 throwing nets
Armour
 d - a +0 ring mail (worn)
 o - a +2 pair of boots (worn)
 r - a +2 helmet (worn)
 v - a +2 pair of gloves (worn)
 E - a +1 cloak (worn)
Wands
 c - a wand of polymorph (4)
 k - a wand of flame (45)
 x - a wand of paralysis (10)
 H - a wand of warping (27)
Scrolls
 g - 8 scrolls of teleportation
 h - 3 scrolls of identify
 s - a scroll of poison
 t - a scroll of vulnerability {unknown}
 y - 4 scrolls of enchant weapon
 A - a scroll of fog {unknown}
 C - a scroll of revelation
 F - a scroll of immolation
 I - a scroll of enchant armour
Potions
 a - a potion of mutation
 e - a potion of ambrosia
 i - 5 potions of curing
 j - a potion of magic
 m - 2 potions of enlightenment
 p - 4 potions of haste
 q - 2 potions of lignification
 u - a potion of resistance {unknown}
 z - a potion of cancellation
 B - 4 potions of attraction
 D - 3 potions of might
 G - a potion of heal wounds {unknown}
Miscellaneous
 n - a tin of tremorstones (2/2)


   Skills:
 + Level 9.1 Fighting
 + Level 15.3 Axes
 + Level 7.9 Armour
 + Level 8.0 Dodging
 + Level 10.0 Evocations


You had 12 spell levels left.
You didn't know any spells.
Your spell library was empty.

Dungeon Overview and Level Annotations

Branches:
Dungeon (11/15)            Temple (0/1) D:5            Lair (2/5) D:11
 Spider (0/4) Lair:3
  Swamp: Lair:2-3    Shoals: Lair:2-3       Orc: D:9-12

Altars:
Elyvilon
Kikubaaqudgha
Okawaru
Ru
Trog
Vehumet
Zin
Beogh

Shops:
D:9 *:==[

Annotations:
D:7 1 runed translucent door


Innate Abilities, Weirdness & Mutations

You can wield a second weapon in your off-hand.
It takes a long time for you to wield or remove held weapons.
Your first few attacks do less damage.
You cannot equip rings or amulets.


Message History

You are exhausted.
You feel yourself slow down.
You slash the yak with your +2 antimagic broad axe!
The yak is heavily wounded.
You hit the yak but do no damage. The yak gores you!
* * * LOW HITPOINT WARNING * * *
The eight-headed hydra closely misses you.
The eight-headed hydra barely misses you.
The eight-headed hydra bites you.
* * * LOW HITPOINT WARNING * * *
The eight-headed hydra bites you but does no damage. x2
The eight-headed hydra bites you!
* * * LOW HITPOINT WARNING * * *
The eight-headed hydra bites you.
* * * LOW HITPOINT WARNING * * *
The eight-headed hydra bites you but does no damage.
The yak gores you!
* * * LOW HITPOINT WARNING * * *
You see here a wyvern corpse.
Unknown command.
Unknown command.
Okay, then.
Aiming: Polymorph
Press: ? - help, Shift-Dir - straight line, f - eight-headed hydra
Aim: an eight-headed hydra (will become a water nymph, a quicksilver ooze, or a great orb of eyes, chance to affect: 37%)
The eight-headed hydra evaporates and reforms as a water nymph!
The yak gores you!
* * * LOW HITPOINT WARNING * * *
The water nymph touches you. The water nymph drowns you!
* * * LOW HITPOINT WARNING * * *
Splash!
You fall into the shallow water.
Moving in this stuff is going to be slow.
The yak misses you.
Unknown command.
Your skin crawls.
You feel strong-willed.
The water nymph gestures at you while chanting.
The water swirls and strikes you!!
You die...

##.##..#..............
#.................>...
##.P....#..#..........
##..#...#..........P.
###..#......##...../.
#.#.###.....#........
#...#.....##....$...
####.##~...#.........
#....@mY#............
#...Y###.............
#.†#†#####.##P..P.P..
#P#...# #..##...P##..
#####..#.#..P....PY .
...............
.[....##.##.#.#
....#.. ## ####
...P.#..


You could see a water nymph and 2 yaks.

Vanquished Creatures
  The ghost of ezpacito the Fighter, a journeyman CoCK of Xom (D:11)
  3 two-headed ogres
  Erica (D:9)
  3 death yaks (Lair:3)
  Sonja (D:11)
  3 skeletal warriors (D:10)
  A deep elf pyromancer (D:7)
  2 orc knights (D:10)
  An ugly thing (D:7)
  A cyclops (D:11)
  A gargoyle (D:11)
  An unseen horror (D:11)
  4 cane toads
  3 komodo dragons
  2 kobold demonologists
  5 trolls
  A slime creature (D:7)
  Sigmund (D:4)
  A vampire (D:7)
  2 wyverns
  3 wraiths
  Eustachio (D:6)
  40 yaks
  3 basilisks (Lair:1)
  Menkaure (D:7)
  A steam dragon (D:7)
  2 water moccasins
  An ice beast (D:7)
  A black bear (D:8)
  8 orc warriors
  2 sky beasts
  An ogre (D:7)
  7 wolves
  5 centaurs
  4 kobold brigands
  9 bullfrogs
  2 gnoll sergeants
  2 scorpions
  7 wights
  26 killer bees
  An electric eel (D:9)
  2 bombardier beetles
  2 jellies
  Crazy Yiuf (D:6)
  2 hounds (D:5)
  A gnoll bouda (D:5)
  7 orc priests
  Ijyb (D:4)
  A sleepcap (D:4)
  2 iguanas (D:5)
  19 orc wizards
  Robin (D:4)
  14 gnolls
  11 adders
  A shadow imp (D:8)
  2 white imps
  2 ufetubi (D:6)
  5 dart slugs
  2 ribbon worms
  48 orcs
  7 bats
  8 endoplasms
  5 giant cockroaches
  8 hobgoblins
  4 jackals (D:4)
  5 quokkas
  5 ball pythons
  2 frilled lizards (D:2)
  10 goblins
  25 kobolds
  5 rats
373 creatures vanquished.

Notes
Turn   | Place    | Note
-------+----------+-------------------------------------------
     0 | D:1      | lunkers the Coglin Berserker began the quest for the Orb.
     0 | D:1      | Reached XP level 1. HP: 18/18 MP: 1/1
   174 | D:1      | Reached XP level 2. HP: 22/24 MP: 2/2
   396 | D:1      | Reached skill level 4 in Axes
   581 | D:2      | Reached XP level 3. HP: 27/29 MP: 3/3
   672 | D:2      | Reached ** piety under Trog
  1036 | D:2      | Reached XP level 4. HP: 30/35 MP: 4/4
  1348 | D:3      | Reached skill level 5 in Axes
  1805 | D:3      | Found a white marble altar of Elyvilon.
  1922 | D:3      | Reached XP level 5. HP: 40/41 MP: 5/5
  2367 | D:4      | Reached *** piety under Trog
  2403 | D:4      | Reached skill level 6 in Axes
  2542 | D:4      | Noticed Robin
  2554 | D:4      | Killed Robin
  2634 | D:4      | Noticed Sigmund
  2642 | D:4      | Killed Sigmund
  2643 | D:4      | Reached skill level 7 in Axes
  2643 | D:4      | Reached XP level 6. HP: 32/47 MP: 6/6
  2788 | D:4      | Reached XP level 7. HP: 52/52 MP: 7/7
  2789 | D:4      | Reached skill level 8 in Axes
  2946 | D:4      | Noticed Ijyb
  2952 | D:4      | Killed Ijyb
  3212 | D:4      | Reached skill level 9 in Axes
  3434 | D:4      | Reached **** piety under Trog
  3616 | D:5      | Entered Level 5 of the Dungeon
  3645 | D:5      | Reached XP level 8. HP: 52/58 MP: 8/8
  3736 | D:5      | Found a glowing silver altar of Zin.
  3736 | D:5      | Noticed an angel
  3773 | D:5      | Found a staircase to the Ecumenical Temple.
  4236 | D:5      | Reached skill level 10 in Axes
  4345 | D:6      | Found a radiant altar of Vehumet.
  4964 | D:6      | Reached skill level 11 in Axes
  5032 | D:6      | Found a runed translucent door.
  5033 | D:6      | Noticed Crazy Yiuf
  5129 | D:6      | Noticed Eustachio
  5154 | D:6      | Killed Eustachio
  5222 | D:6      | Killed Crazy Yiuf
  5319 | D:7      | Reached XP level 9. HP: 53/63 MP: 9/9
  5395 | D:7      | Reached skill level 12 in Axes
  5408 | D:7      | Reached skill level 13 in Axes
  5643 | D:7      | Noticed a troll
  5653 | D:7      | Killed a troll
  5653 | D:7      | Noticed a kobold demonologist
  5654 | D:7      | Reached XP level 10. HP: 44/70 MP: 10/10
  5737 | D:7      | Noticed a green ugly thing
  5750 | D:7      | Killed a green ugly thing
  5751 | D:7      | Reached skill level 14 in Axes
  5751 | D:7      | Reached skill level 1 in Evocations
  5801 | D:7      | Identified a scroll of acquirement
  5801 | D:7      | Acquired a +2 heavy broad axe
  5814 | D:7      | Found a runed translucent door.
  5866 | D:7      | Killed a kobold demonologist
  5916 | D:7      | Noticed a deep elf pyromancer
  5922 | D:7      | Killed a deep elf pyromancer
  6159 | D:7      | Noticed Menkaure
  6161 | D:7      | Killed Menkaure
  6424 | D:8      | Reached ***** piety under Trog
  6474 | D:8      | Reached skill level 5 in Fighting
  6474 | D:8      | Reached skill level 5 in Evocations
  6493 | D:8      | Found a bloodstained altar of Trog.
  6499 | D:8      | Reached XP level 11. HP: 78/80 MP: 11/11
  6618 | D:8      | Identified the +8 dagger of the New World {flame, Str+3
                  | Dex+3}
  6675 | D:8      | Noticed a deep elf pyromancer
  6959 | D:8      | Reached skill level 5 in Armour
  6960 | D:8      | Reached skill level 5 in Dodging
  7650 | D:9      | Received a gift from Trog
  7693 | D:9      | Found Qeumafam's General Store.
  8003 | D:9      | Noticed a two-headed ogre
  8008 | D:9      | Killed a two-headed ogre
  8026 | D:9      | Noticed Erica
  8034 | D:9      | Killed Erica
  8083 | D:9      | Found an iron altar of Okawaru.
  8432 | D:9      | Found Wockes's Jewellery Shoppe.
  8434 | D:9      | Found Cevvax Wih's Book Boutique.
  8434 | D:9      | Found Caiceim's Jewellery Shop.
  8463 | D:9      | Found Huzeuth's Armour Emporium.
  8887 | D:10     | Entered Level 10 of the Dungeon
  9204 | D:10     | Noticed a skeletal warrior
  9210 | D:10     | Killed a skeletal warrior
  9277 | D:10     | Noticed a skeletal warrior
  9283 | D:10     | Noticed a skeletal warrior
  9284 | D:10     | Killed a skeletal warrior
  9285 | D:10     | Reached XP level 12. HP: 61/91 MP: 4/12
  9894 | D:10     | Noticed a two-headed ogre
  9900 | D:10     | Killed a two-headed ogre
 10072 | D:10     | Found a sacrificial altar of Ru.
 10073 | D:10     | Found an ancient bone altar of Kikubaaqudgha.
 10161 | D:10     | Received a gift from Trog
 10396 | D:10     | Found a roughly hewn altar of Beogh.
 11112 | D:11     | Found a runed translucent gate.
 11112 | D:11     | Found a runed translucent gate.
 11112 | D:11     | Found a runed translucent gate.
 11112 | D:11     | Found a staircase to the Lair.
 11126 | D:11     | Noticed ezpacito's ghost (journeyman CoCK)
 11207 | D:11     | Noticed Sonja
 11219 | D:11     | Killed Sonja
 11677 | D:11     | Noticed a two-headed ogre
 11683 | D:11     | Killed a two-headed ogre
 11954 | D:11     | Killed ezpacito's ghost
 12058 | Lair:1   | Entered Level 1 of the Lair of Beasts
 12127 | Lair:1   | Reached skill level 10 in Evocations
 12375 | Lair:1   | Reached skill level 15 in Axes
 12391 | Lair:1   | Reached XP level 13. HP: 99/99 MP: 4/13
 13080 | Lair:2   | You fall into a shaft and drop 1 floor!
 13109 | Lair:3   | Found a hole to the Spider Nest.
 13147 | Lair:3   | HP: 4/101 [drowned by a water nymph (11)]
 13148 | Lair:3   | Killed from afar by a water nymph

Illustrated notes

Levels and vault maps discovered:
D:1:      moated_graveyard_arrival, layout_rooms, minmay_misc_feat_pillars,
          minmay_misc_feat_encased, reono_crystal_passage, columned_hall_lemuel,
          dk_noncrumbling_3
D:2:      layout_basic
D:3:      layout_loops_corners, mainiacjoe_overflow_chevrons
D:4:      layout_basic, uniq_sigmund, uniq_robin, uniq_ijyb
D:5:      layout_rooms, zin_angel, minmay_temple_entry_gardened_gates
D:6:      layout_basic, amcnicky_altar_gilded, uniq_crazy_yiuf_cottage,
          uniq_eustachio
D:7:      minmay_the_grid_four_pointed_star
          [minmay_the_grid_triangle_9x9_subtriangle,
          minmay_the_grid_triangle_9x9_zippers_horizontal,
          minmay_the_grid_triangle_9x9_stretched_checkered,
          minmay_the_grid_triangle_9x9_corruption,
          minmay_the_grid_prize_four_corners_diamond_a], layout_rooms,
          eino_jars, uniq_menkaure
D:8:      layout_cave_pools, lightli_temple_of_fire, serial_co_window_serial,
          co_window_corner_a, co_window_corner_a, co_window_cross_1,
          co_window_paths_a, co_window_paths_b, co_window_paths_b,
          co_window_paths_b, co_window_of_opportunity_a, co_window_corner_a,
          co_window_2corner, co_window_corner_cb, co_window_unsneaky_path_d,
          co_window_broadway_a, co_window_2corner, co_window_cross_2,
          glass_columns_a, glass_columns_a, glass_columns_a, wad_dig_loot
D:9:      layout_long_grid, mainiacjoe_overflow_paths, serial_co_window_serial,
          co_window_paths_a, co_window_paths_a, co_window_paths_b,
          co_window_of_opportunity_a, co_window_of_opportunity_a,
          co_window_unsneaky_path_e, co_window_2corner, co_window_2corner,
          co_window_corner_cb, co_window_2corner, co_window_4corner_b,
          co_window_paths_e, glass_columns_b, glass_columns_a, glass_columns_a,
          glass_columns_b, serial_shops,
          nicolae_shop_temple_entry_statues_fountains,
          chequers_serial_rivers_micro_c, nicolae_wooded_promenade,
          bh_walls_and_bars, uniq_erica
D:10:     layout_small_grid, mainiacjoe_overflow_divided_tiny, serial_glass,
          glass_columns_b, glass_columns_c, lightli_church_of_beogh
D:11:     layout_irregular_city, erik_lair_orcish_takeover,
          ebering_ghost_rock_garden, minmay_starry_boxes, uniq_sonja
Lair:1:   layout_gridlike, st_stairs_12
Lair:2:   layout_chaotic_city, elwin_shoals_entry_stream,
          portal_ice_cave_entry_imps, nicolae_lair_lindhole, uniq_harold
Lair:3:   layout_misc_corridors, dummy_spider_entry

Skill      XL: |  1  2  3  4  5  6  7  8  9 10 11 12 13 |
---------------+----------------------------------------+-----
Axes           | 4 5 7 9 11 13 14 15 | 15.3
Armour         | 4 6 7 |  7.9
Dodging        | 4 6 7 8 |  8.0
Evocations     | 5 8 10 | 10.0
Fighting       | 5 7 8 9 |  9.1

Action                     |  1- 3 |  4- 6 |  7- 9 | 10-12 | 13-15 || total
---------------------------+-------+-------+-------+-------+-------++-------
  Melee: Hand axe          |   107 |   165 |   206 |    16 |       ||   494
         Dagger            |     7 |       |       |       |       ||     7
         Mace              |       |    16 |    41 |       |       ||    57
         Morningstar       |       |       |   174 |    16 |       ||   190
         Unarmed           |       |       |     2 |       |       ||     2
         Broad axe         |       |       |       |   436 |    92 ||   528
         War axe           |       |       |       |   107 |       ||   107
 Invoke: Berserk           |       |     2 |     5 |    12 |     1 ||    20
         Trog's Hand       |       |       |       |     1 |     1 ||     2
  Evoke: Wand              |       |       |       |       |     1 ||     1
    Use: Scroll            |       |       |       |    25 |       ||    25
         Potion            |       |       |       |     1 |       ||     1
 Armour: Ring mail         |    45 |    66 |   217 |   345 |    45 ||   718
         Animal skin       |     2 |       |       |       |       ||     2
         Skin              |       |       |     1 |       |       ||     1
  Dodge: Dodged            |    41 |    44 |   155 |   206 |    34 ||   480

Table legend: (Time is in decaauts)
 A = Elapsed time spent in this place.
 B = Non-inter-level travel time spent in this place.
 C = Inter-level travel time spent in this place.
 D = Time resting spent in this place.
 E = Time spent auto-exploring this place.
 F = Levels seen in this place.
 G = Mean time per level.
                   A        B        C        D        E       F      G
               +--------+--------+--------+--------+--------+-----+--------+
         Total |  13358 |  13118 |    240 |    221 |  10771 |  14 |  954.1 |
       Dungeon |  12266 |  12049 |    217 |    221 |   9883 |  11 | 1115.1 |
          Lair |   1091 |   1069 |     22 |      0 |    888 |   3 |  363.7 |
               +--------+--------+--------+--------+--------+-----+--------+

Top non-repeatable levels by time:
    D:10: 1676 daAuts
    D:11: 1568 daAuts
     D:4: 1350 daAuts
     D:9: 1278 daAuts
     D:8: 1246 daAuts
     D:7: 1143 daAuts
     D:6: 1031 daAuts
  Lair:1: 1006 daAuts
     D:3: 994 daAuts
     D:2: 738 daAuts
     D:5: 661 daAuts
     D:1: 576 daAuts
  Lair:3: 65 daAuts
  Lair:2: 19 daAuts
